 Dungeon Crawl Stone Soup version 0.30-a0-587-gfd7c166f36 (webtiles) character file.

Game seed: 16488537364694138745

208 Bnni the Vexing (level 6, 0/44 HPs)
             Began as a Formicid Hexslinger on Jan 4, 2023.
             Killed from afar by Ijyb (15 damage)
             ... with a bolt of light
             ... on level 3 of the Dungeon.
             The game lasted 00:03:44 (2397 turns).

Bnni the Vexing (Formicid Hexslinger)               Turns: 2397, Time: 00:03:44

Health: 0/44       AC:  4    Str: 15    XL:     6   Next: 11%
Magic:  9/9        EV: 12    Int: 20    God:
Gold:   79         SH:  0    Dex: 14    Spells: 5/9 levels left

rFire   . . .      SeeInvis +    a - +1 sling
rCold   . . .      Faith    .    (no shield)
rNeg    . . .      Spirit   .    c - +0 robe
rPois   .          Reflect  .    (helmet unavailable)
rElec   .          Harm     .    i - +0 cloak
rCorr   .          Rampage  .    (no gloves)
Will    .....                    q - +0 pair of boots
Stlth   +                        (no amulet)
HPRegen 0.27/turn                j - ring of flight
MPRegen 0.11/turn                k - +6 ring of intelligence

@: flying
A: permanent stasis, dig shafts and tunnels, antennae 3, four strong arms
a: Dig, Shaft Self


You were on level 3 of the Dungeon.
You visited 1 branch of the dungeon, and saw 3 of its levels.

You collected 79 gold pieces.

Inventory:

Hand Weapons
 a - a +1 sling (weapon)
Missiles
 n - 5 poisoned darts
Armour
 c - a +0 robe (worn)
 i - a +0 cloak (worn)
 q - a +0 pair of boots (worn)
Jewellery
 j - a ring of flight (left hand)
 k - a +6 ring of intelligence (right hand)
Wands
 r - a wand of iceblast (7)
Scrolls
 b - a scroll of poison
 e - 2 scrolls of identify {unknown}
 f - a scroll of immolation {unknown}
 l - 2 scrolls of fog {unknown}
 m - a scroll of blinking {unknown}
 p - a scroll of noise {unknown}
 s - a scroll of magic mapping {unknown}
 t - a scroll of acquirement {unknown}
Potions
 g - a potion of flight {unknown}
 h - 2 potions of heal wounds {unknown}
 o - a potion of resistance {unknown}


   Skills:
 + Level 2.1 Fighting
 * Level 3.3 Ranged Weapons
 - Level 1.7 Dodging
 + Level 2.0 Spellcasting
 * Level 5.0 Hexes
 * Level 2.5 Fire Magic


You had 5 spell levels left.
You knew the following spells:

 Your Spells              Type           Power      Damage    Failure   Level
a - Slow                  Hex            88%        N/A       1%          1
b - Inner Flame           Hex/Fire       17%        N/A       10%         3

Your spell library contained the following spells:

 Spells                   Type           Power      Damage    Failure   Level
 Portal Projectile        Hex/Tloc       24%        N/A       17%         3
 Cause Fear               Hex            11%        N/A       21%         4


Dungeon Overview and Level Annotations

Branches:
Dungeon (3/15)

Altars:
Gozag

Annotations:
D:3 Ijyb


Innate Abilities, Weirdness & Mutations

You cannot be hasted, slowed, berserked, paralysed or teleported.
You can dig through walls and to a lower floor.
You have a pair of large antennae on your head. (SInv)
Your four strong arms can wield two-handed weapons with a shield.


Message History

Ijyb hits you but does no damage.
Fire: a) +1 sling
Press: ? - help, Shift-Dir - straight line, f/p - Ijyb
Aim: Ijyb, wielding a +0 dagger, wearing a +0 chain mail and carrying a wand of light (2) (severely wounded, poisoned, slow, 59% to hit)
You shoot a sling bullet.
The sling bullet hits Ijyb but does no damage.
Ijyb is severely wounded.
Ijyb barely misses you.
Fire: a) +1 sling
Press: ? - help, Shift-Dir - straight line, f/p - Ijyb
Aim: Ijyb, wielding a +0 dagger, wearing a +0 chain mail and carrying a wand of light (2) (severely wounded, poisoned, slow, 59% to hit)
You shoot a sling bullet.
The sling bullet hits Ijyb but does no damage.
Ijyb is severely wounded.
Ijyb closely misses you.
Fire: a) +1 sling
Press: ? - help, Shift-Dir - straight line, f/p - Ijyb
Aim: Ijyb, wielding a +0 dagger, wearing a +0 chain mail and carrying a wand of light (2) (severely wounded, poisoned, slow, 59% to hit)
You shoot a sling bullet. The sling bullet closely misses Ijyb.
Ijyb looks more healthy.
Ijyb hits you with a +0 dagger.
Fire: a) +1 sling
Press: ? - help, Shift-Dir - straight line, f/p - Ijyb
Aim: Ijyb, wielding a +0 dagger, wearing a +0 chain mail and carrying a wand of light (2) (severely wounded, slow, 59% to hit)
You shoot a sling bullet.
The sling bullet hits Ijyb but does no damage.
Ijyb is severely wounded.
Ijyb screams, "Me kill you!" Ijyb hits you with a +0 dagger.
Fire: a) +1 sling
Press: ? - help, Shift-Dir - straight line, f/p - Ijyb
Aim: Ijyb, wielding a +0 dagger, wearing a +0 chain mail and carrying a wand of light (2) (severely wounded, slow, 59% to hit)
You shoot a sling bullet. The sling bullet barely misses Ijyb.
Fire: a) +1 sling
Press: ? - help, Shift-Dir - straight line, f/p - Ijyb
Aim: Ijyb, wielding a +0 dagger, wearing a +0 chain mail and carrying a wand of light (2) (severely wounded, slow, 59% to hit)
You shoot a sling bullet.
The sling bullet hits Ijyb but does no damage.
Ijyb is severely wounded.
Ijyb zaps a wand.
The bolt of light hits you!
You die...

... #.. #.# # #.# #.
#.# #..##.#####..
#...g)....... # #@##..
#.##.##.# #.#..##.# ##.
#.......# #..
###.###.##########. .
#####.###.........#.#..
#.........#####.#.##..#
#.###.###.##....#.# #.#
#.# #.......#.###..


You could see Ijyb (slow).

Vanquished Creatures
  A phantom (D:3)
  Terence (D:2)
  4 adders (D:2)
  2 worms (D:2)
  3 dart slugs
  3 ball pythons (D:1)
  9 bats
  6 endoplasms
  2 giant cockroaches
  2 goblins (D:1)
  2 hobgoblins (D:1)
  3 jackals
  2 quokkas (D:1)
  4 frilled lizards
  8 kobolds
  7 rats
59 creatures vanquished.

Vanquished Creatures (others)
  A plant (D:1)
1 creature vanquished.

Grand Total: 60 creatures vanquished

Notes
Turn   | Place    | Note
-------+----------+-------------------------------------------
     0 | D:1      | Bnni the Formicid Hexslinger began the quest for the Orb.
     0 | D:1      | Reached XP level 1. HP: 15/15 MP: 2/2
   180 | D:1      | Reached XP level 2. HP: 19/21 MP: 3/3
   348 | D:1      | Reached skill level 1 in Fire Magic
   404 | D:1      | Reached skill level 4 in Hexes
   432 | D:1      | Reached XP level 3. HP: 26/26 MP: 4/4
   441 | D:1      | Learned a level 3 spell: Inner Flame
  1018 | D:2      | Noticed Terence
  1189 | D:2      | Reached XP level 4. HP: 16/32 MP: 6/6
  1381 | D:2      | Killed Terence
  1499 | D:2      | Reached XP level 5. HP: 23/38 MP: 7/7
  1958 | D:2      | Found an opulent altar of Gozag.
  2245 | D:3      | Noticed a phantom
  2266 | D:3      | Killed a phantom
  2267 | D:3      | Reached skill level 5 in Hexes
  2267 | D:3      | Reached XP level 6. HP: 43/44 MP: 6/9
  2383 | D:3      | Noticed Ijyb
  2397 | D:3      | Killed from afar by Ijyb

Illustrated notes

Levels and vault maps discovered:
D:1:      dpeg_arrival_prison, layout_loops_ring, serial_forest,
          infiniplex_forest_straight_4, infiniplex_forest_end_1,
          infiniplex_forest_zigzag_1, infiniplex_forest_lined_corner,
          infiniplex_forest_clump_C, kennysheep_minor_cross, minmay_vboxes
D:2:      layout_loops_ring, serial_glass, glass_columns_b, glass_columns_c,
          item_on_display_a, basic_altar, minmay_crystal_water, uniq_terence
D:3:      layout_loops_ring, uniq_ijyb, uniq_sigmund

Skill      XL: |  1  2  3  4  5 |
---------------+----------------+-----
Fire Magic     | 1 2 |  2.5
Hexes          | 4 5 |  5.0
Ranged Weapons | 3 |  3.3
Fighting       | 2 |  2.1
Spellcasting   | 2 |  2.0
Dodging        | |  1.7

Action                   |  1- 3 |  4- 6 || total
-------------------------+-------+-------++-------
 Fire: Sling             |   139 |   108 ||   247
Throw: Dart              |       |     5 ||     5
 Cast: Slow              |       |     8 ||     8
       Inner Flame       |       |     1 ||     1
 Abil: Dig               |       |     1 ||     1
Armor: Robe              |    19 |    17 ||    36
Dodge: Dodged            |    75 |    38 ||   113

Table legend: (Time is in decaauts)
 A = Elapsed time spent in this place.
 B = Non-inter-level travel time spent in this place.
 C = Inter-level travel time spent in this place.
 D = Time resting spent in this place.
 E = Time spent auto-exploring this place.
 F = Levels seen in this place.
 G = Mean time per level.
                   A        B        C        D        E       F      G
               +--------+--------+--------+--------+--------+-----+--------+
         Total |   2461 |   2306 |    155 |    118 |   1662 |   3 |  820.3 |
       Dungeon |   2461 |   2306 |    155 |    118 |   1662 |   3 |  820.3 |
               +--------+--------+--------+--------+--------+-----+--------+

Top non-repeatable levels by time:
     D:1: 1197 daAuts
     D:2: 995 daAuts
     D:3: 268 daAuts
